 Dungeon Crawl Stone Soup version 0.28-a0-477-g0b43c73ce0 (webtiles) character file.

Game seed: 17933730480770284673

300 Dabor the Skirmisher (level 6, 0/57 HPs)
             Began as a Naga Berserker on Sept 17, 2021.
             Was a Believer of Trog.
             Killed by divine providence
             ... invoked by an orc priest
              (11 damage)
             ... on level 4 of the Dungeon.
             The game lasted 00:04:55 (4077 turns).

Dabor the Skirmisher (Naga Berserker)               Turns: 4077, Time: 00:04:56

Health: 0/57       AC:  5    Str: 21    XL:     6   Next: 36%
Magic:  6/6        EV:  8    Int:  7    God:    Trog [**....]
Gold:   115        SH:  3    Dex: 11    Spells: 5/5 levels left

rFire   . . .      SeeInvis +   a - +0 hand axe
rCold   . . .      Faith    .   d - +0 buckler
rNeg    . . .      Spirit   .   e - +0 ring mail
rPois   +          Reflect  .   (no helmet)
rElec   .          Harm     .   (no cloak)
rCorr   .          Rampage  .   (no gloves)
Will    ++...                   (no barding)
Stlth   +.........              (no amulet)
HPRegen 1.19/turn               (no ring)
MPRegen 0.10/turn               (no ring)

@: strong-willed, on berserk cooldown, regenerating, slowed, very slow
A: AC +2, large, see invisible, deformed body, poison resistance, slowness 2,
spit poison 1, naga tail 1
a: Spit Poison, Renounce Religion, Berserk, Trog's Hand


You were on level 4 of the Dungeon.
You worshipped Trog.
Trog was pleased with you.
You visited 1 branch of the dungeon, and saw 4 of its levels.

You collected 115 gold pieces.

Inventory:

Hand Weapons
 a - a +0 hand axe (weapon)
Missiles
 h - 69 stones (quivered)
Armour
 b - a +0 animal skin
 d - a +0 buckler (worn)
 e - a +0 ring mail (worn)
 g - a +0 leather armour
Jewellery
 j - an amulet of faith
Scrolls
 c - a scroll of silence {unknown}
 m - a scroll of identify
 n - 2 scrolls of fear
 o - a scroll of fog {unknown}
 p - 2 scrolls of noise {unknown}
Potions
 f - a potion of haste
 i - 2 potions of curing {unknown}
 k - a potion of berserk rage {unknown}
 l - a potion of brilliance {unknown}


   Skills:
 + Level 4.0 Fighting
 + Level 3.9 Axes
 + Level 1.6 Throwing
 + Level 2.6 Armour
 + Level 2.5 Dodging
 + Level 3.1 Stealth
 + Level 0.8 Shields


You had 5 spell levels left.
You didn't know any spells.
Your spell library was empty.

Dungeon Overview and Level Annotations

Branches:
Dungeon (4/15)
 Temple: D:4-7

Altars:
Yredelemnul


Innate Abilities, Weirdness & Mutations

Your serpentine skin is tough. (AC +2)
You have supernaturally acute eyesight. (SInv)
Armour fits poorly on your strangely shaped body.
Your system is resistant to poisons. (rPois)
You cover ground very slowly.
You can spit poison.
You have a snake-like lower body.


Message History

You feel strong-willed. You block the orc priest's attack.
The orc wizard hits you but does no damage.
The orc priest mumbles some strange prayers to Beogh against you.
Beogh smites you!
The orc priest looks encouraged for a moment.
Press: ? - help, Shift-Dir - straight line, f - orc priest
Aim: an orc priest, wielding a +0 whip and wearing a +0 leather armour The splash of poison misses the orc priest.
The splash of poison misses the orc.
The orc wizard hits you but does no damage.
The orc priest calls down the wrath of Beogh upon you.
Beogh smites you! The orc priest barely misses you.
The orc wizard closely misses you.
The orc priest hits you but does no damage.
You hit the orc priest but do no damage.
You hit the orc. You hit the orc priest. You closely miss the orc priest.
You hit the orc wizard but do no damage.
The orc priest hits you but does no damage.
The orc priest barely misses you. The orc closely misses you.
The orc wizard hits you but does no damage.
The orc priest hits you but does no damage.
The orc priest invokes the aid of Beogh against you.
Beogh smites you!
* * * LOW HITPOINT WARNING * * *
You block the orc priest's attack. The orc hits you with a +0 mace.
* * * LOW HITPOINT WARNING * * *
A bullfrog skeleton comes into view.
You're still recovering from your berserk rage.
You have got your breath back.
The orc priest closely misses you. The orc hits you with a +0 mace.
* * * LOW HITPOINT WARNING * * *
The orc priest hits you but does no damage.
The orc wizard casts a spell.
The orc wizard flickers and vanishes for a moment.
The orc priest hits you with a +0 whip.
* * * LOW HITPOINT WARNING * * *
The orc priest calls down the wrath of Beogh upon you.
Beogh smites you!
You die...

..... ... ... #. .
#(######.# Z.
#.#....#.## ...
##'#.##....# ....
#....#.###.#
.....###....##)...# #
.......@o...#.###.# #
......ooo...##....# #
.......o....#.###.# #
............##....# #
........#...#.###.#### #
........#...##...)†..###
..(.....#...#.####......
........'...# ##.####
........# ..# #.# #


You could see 3 orc priests, an orc wizard (invisible) and an orc.

Vanquished Creatures
  3 scorpions
  An iguana (D:4)
  3 adders
  2 worms
  4 dart slugs
  An orc (D:3)
  8 ball pythons
  4 bats
  6 endoplasms
  5 giant cockroaches
  6 goblins
  5 hobgoblins
  2 frilled lizards
  4 kobolds
  4 rats
58 creatures vanquished.

Notes
Turn   | Place    | Note
-------+----------+-------------------------------------------
     0 | D:1      | Dabor the Naga Berserker began the quest for the Orb.
     0 | D:1      | Reached XP level 1. HP: 21/21 MP: 1/1
   199 | D:1      | Reached XP level 2. HP: 28/28 MP: 2/2
  1264 | D:2      | Found a basalt altar of Yredelemnul.
  1324 | D:2      | Reached XP level 3. HP: 15/34 MP: 3/3
  1899 | D:2      | Reached skill level 1 in Stealth
  1899 | D:2      | Reached XP level 4. HP: 27/42 MP: 4/4
  2353 | D:3      | Reached ** piety under Trog
  2383 | D:3      | Noticed a scorpion
  2432 | D:3      | Killed a scorpion
  2433 | D:3      | Reached skill level 1 in Throwing
  2433 | D:3      | Reached XP level 5. HP: 43/49 MP: 5/5
  3723 | D:4      | Reached XP level 6. HP: 40/57 MP: 6/6
  4061 | D:4      | Reached skill level 4 in Fighting
  4077 | D:4      | Killed from afar by an orc priest

Illustrated notes

Levels and vault maps discovered:
D:1:      psy_arrival_spokes, layout_basic
D:2:      layout_rooms, basic_altar, minmay_3d_cube
D:3:      layout_basic, minmay_circle_x
D:4:      layout_basic, minmay_manual_maat

Skill      XL: |  1  2  3  4  5  6 |
---------------+-------------------+-----
Armour         | 2 |  2.6
Dodging        | 2 |  2.5
Stealth        | 1 2 3 |  3.1
Throwing       | 1 |  1.6
Fighting       | 4 |  4.0
Axes           | |  3.9
Shields        | |  0.8

Action                   |  1- 3 |  4- 6 || total
-------------------------+-------+-------++-------
Melee: Hand axe          |    79 |   110 ||   189
Throw: Stone             |       |    12 ||    12
Invok: Berserk           |       |     5 ||     5
       Trog's Hand       |       |     2 ||     2
 Abil: Spit Poison       |     5 |     3 ||     8
  Use: Scroll            |       |     3 ||     3
       Potion            |       |     1 ||     1
Armor: Animal skin       |     2 |       ||     2
       Ring mail         |    13 |    46 ||    59
       Leather armour    |     4 |       ||     4
Dodge: Dodged            |    42 |    53 ||    95
Block: Buckler           |       |    16 ||    16

Table legend: (Time is in decaauts)
 A = Elapsed time spent in this place.
 B = Non-inter-level travel time spent in this place.
 C = Inter-level travel time spent in this place.
 D = Time resting spent in this place.
 E = Time spent auto-exploring this place.
 F = Levels seen in this place.
 G = Mean time per level.
                   A        B        C        D        E       F      G
               +--------+--------+--------+--------+--------+-----+--------+
         Total |   5052 |   4780 |    272 |    211 |   3948 |   4 | 1263.0 |
       Dungeon |   5052 |   4780 |    272 |    211 |   3948 |   4 | 1263.0 |
               +--------+--------+--------+--------+--------+-----+--------+

Top non-repeatable levels by time:
     D:3: 1827 daAuts
     D:1: 1551 daAuts
     D:2: 1143 daAuts
     D:4: 530 daAuts
